[Event "Titled Tuesday Blitz August 22 Late 2023"]
[White "Avila Rodriguez, Joshua Ad"]
[Black "Zampronha, Wladimir Camilo"]
[WhiteFideId "5126444"]
[BlackFideId "2103087"]
[WhiteElo "2418"]
[BlackElo "2308"]
[Result "1-0"]
[Round "11"]
[TimeControl "180+1"]
[Date "2023.08.22"]
[WhiteClock "0:00:08"]
[BlackClock "0:00:02"]
[Board "91"]

1. e4 c5 2. Nf3 e6 3. d4 cxd4 4. Nxd4 Nc6 5. Nc3 Qc7 6. Be3 a6 7. g4 b5 8. Nxc6 dxc6 9. Qf3 Bb7 10. O-O-O c5 11. g5 c4 12. h4 Bc5 13. h5 Bxe3+ 14. Qxe3 Ne7 15. Bh3 b4 16. Na4 b3 17. Kb1 Qc6 18. Nc5 bxa2+ 19. Ka1 Rc8 20. Nxb7 Qxb7 21. Qd4 c3 22. b3 Qc7 23. g6 Qa5 24. gxf7+ Kxf7 25. Qa4 Qxa4 26. bxa4 Rhd8 27. Kxa2 Nc6 28. Rxd8 Rxd8 29. Kb3 Rd2 30. Kxc3 Rxf2 31. Rf1 Rxf1 32. Bxf1 Ke7 33. Bxa6 Kd6 34. Bb5 Ne5 35. a5 Kc5 36. Bd3 Ng4 37. Kd2 Nf6 38. a6 Kb6 39. h6 gxh6 40. Ke3 Nd7 41. Kf4 Nc5 42. Ke5 Nxa6 43. Bxa6 Kxa6 44. Kxe6 Kb6 45. Kf6 Kc5 46. e5 h5 47. e6 h4 48. e7 h3 49. e8=Q h2 50. Qe5+ Kc4 51. Qxh2 1-0


[Site "https://www.chess.com"]

[Event "Titled Tuesday Blitz August 22 Late 2023"]
[White "Ronka, Erik"]
[Black "Brahami, Lamine"]
[WhiteFideId "505080"]
[BlackFideId "7905637"]
[WhiteElo "2416"]
[BlackElo "2302"]
[Result "0-1"]
[Round "11"]
[TimeControl "180+1"]
[Date "2023.08.22"]
[WhiteClock "0:00:15"]
[BlackClock "0:00:34"]
[Board "92"]

1. Nc3 Nf6 2. d4 d5 3. Bf4 e6 4. Nb5 Na6 5. a3 c6 6. Nc3 Bd6 7. Bg3 O-O 8. Nf3 b6 9. Ne5 Bb7 10. e3 c5 11. Bd3 cxd4 12. exd4 Ne4 13. Qh5 f5 14. f3 Nxc3 15. bxc3 Rc8 16. Bf4 Rxc3 17. g4 Rxd3 18. cxd3 b5 19. Rg1 Qa5+ 20. Bd2 Qb6 21. gxf5 Bxe5 22. f6 Bxf6 23. Be3 e5 24. Rc1 exd4 25. Bh6 Qe6+ 26. Kd1 Re8 27. Bd2 Qe2+ 28. Kc2 Rc8+ 29. Kb3 Qxd3+ 30. Bc3 Qc4+ 31. Kb2 dxc3+ 32. Kc2 Qe2+ 33. Kb3 Qb2# 0-1


[Site "https://www.chess.com"]

[Event "Titled Tuesday Blitz August 22 Late 2023"]
[White "Chemin, Justo Reinaldo"]
[Black "Carroll, Thomas"]
[WhiteFideId "2101580"]
[BlackFideId "450111"]
[WhiteElo "2293"]
[BlackElo "2412"]
[Result "1/2-1/2"]
[Round "11"]
[TimeControl "180+1"]
[Date "2023.08.22"]
[WhiteClock "0:00:20"]
[BlackClock "0:00:10"]
[Board "93"]

1. e4 e6 2. Nc3 d5 3. Nf3 dxe4 4. Nxe4 Bd7 5. d4 Bc6 6. Bd3 Nd7 7. Qe2 Ngf6 8. c3 Nxe4 9. Bxe4 Bxe4 10. Qxe4 c6 11. Bg5 Be7 12. Bxe7 Qxe7 13. O-O O-O 14. Rfe1 Nf6 15. Qe2 c5 16. Rad1 Rfd8 17. dxc5 Qxc5 18. Nd4 h6 19. h3 Rd5 20. Nb3 Qd6 21. c4 Rxd1 22. Rxd1 Qb4 23. Qd3 a5 24. Rd2 a4 25. Nc1 Rc8 26. b3 axb3 27. axb3 b5 28. Rc2 Qe1+ 29. Kh2 Qe5+ 30. Kg1 bxc4 31. bxc4 Nh5 32. Ne2 Ra8 33. g4 Nf6 34. c5 Nd5 35. Qd4 Qxd4 36. Nxd4 Kf8 37. c6 Ke7 38. Nb5 Rc8 39. Na7 Rc7 40. Nb5 Nb4 41. Nxc7 Nxc2 42. Nb5 Nb4 43. c7 Kd7 44. Nd6 Kxc7 45. Nxf7 Kd7 46. Ne5+ Ke7 47. f4 Nd5 48. Nd3 Kf6 49. Kf2 g5 50. Kf3 gxf4 51. Nxf4 Nxf4 52. Kxf4 e5+ 53. Ke4 Kg5 54. Kxe5 Kh4 55. Kf5 Kxh3 56. Kg6 Kh4 57. Kxh6 Kxg4 1/2-1/2


[Site "https://www.chess.com"]

[Event "Titled Tuesday Blitz August 22 Late 2023"]
[White "Cardozo Munar, Carlos Eduardo"]
[Black "Albertini, Luca"]
[WhiteFideId "4409477"]
[BlackFideId "847038"]
[WhiteElo "2293"]
[BlackElo "2410"]
[Result "0-1"]
[Round "11"]
[TimeControl "180+1"]
[Date "2023.08.22"]
[WhiteClock "0:01:17"]
[BlackClock "0:00:30"]
[Board "94"]

1. e4 e5 2. Nf3 Nc6 3. Nc3 Nf6 4. Nxe5 Nxe5 5. d4 Ng6 6. e5 Ng8 7. Bc4 d6 8. Qf3 Be6 9. Qxb7 Bxc4 10. Qc6+ Ke7 11. Qxc4 Rc8 12. O-O Ke8 13. Bg5 Qxg5 14. Qc6+ Kd8 15. Rad1 N8e7 16. Qb7 Nf5 17. Ne4 Qh5 18. Qxa7 Nf4 19. Rfe1 Nh4 20. exd6 Bxd6 21. Nxd6 Nf3+ 22. Kf1 Nxh2+ 23. Kg1 Nf3+ 24. gxf3 Qg6+ 25. Kh2 Qg2# 0-1


[Site "https://www.chess.com"]

[Event "Titled Tuesday Blitz August 22 Late 2023"]
[White "Harriott, Tyrell"]
[Black "Mikhaylova, Irina"]
[WhiteFideId "2086484"]
[BlackFideId "4109040"]
[WhiteElo "2407"]
[BlackElo "2292"]
[Result "1-0"]
[Round "11"]
[TimeControl "180+1"]
[Date "2023.08.22"]
[WhiteClock "0:00:05"]
[BlackClock "0:00:02"]
[Board "95"]

1. d4 Nf6 2. e3 g6 3. Bd3 Bg7 4. f4 O-O 5. Nf3 c5 6. O-O d6 7. c3 Nc6 8. Bc2 e5 9. d5 Ne7 10. fxe5 dxe5 11. e4 Ne8 12. Na3 Nd6 13. c4 Bd7 14. Be3 b6 15. Qe2 Rc8 16. Nb5 Bxb5 17. cxb5 f5 18. Ng5 Qd7 19. Ne6 Qxb5 20. Qxb5 Nxb5 21. Nxf8 Rxf8 22. Bg5 Bf6 23. Bh6 Bg7 24. Bg5 Bf6 25. Bh6 Bg7 26. Bxg7 Kxg7 27. Ba4 Nd4 28. d6 Ng8 29. exf5 gxf5 30. Rae1 Kf6 31. h3 Rd8 32. d7 Ke6 33. g4 f4 34. Rxf4 Nf6 35. Bb3+ Nxb3 36. axb3 Rxd7 37. Rf5 Rd5 38. Ref1 Ne4 39. g5 Nd2 40. R1f2 e4 41. Rf6+ Ke5 42. R2f5+ Kd4 43. Rxd5+ Kxd5 44. Kf2 Nxb3 45. Ke3 Nd4 46. Rf7 Ke5 47. Rxh7 Nf5+ 48. Kf2 e3+ 49. Kf3 c4 50. Rf7 b5 51. g6 Nd4+ 52. Kxe3 Ne6 53. g7 Nxg7 54. Rxg7 1-0


[Site "https://www.chess.com"]

[Event "Titled Tuesday Blitz August 22 Late 2023"]
[White "Arias Igual, Alejandro"]
[Black "Sanchez Castillo, Sarai Carolina"]
[WhiteFideId "2254905"]
[BlackFideId "3900754"]
[WhiteElo "2283"]
[BlackElo "2396"]
[Result "1-0"]
[Round "11"]
[TimeControl "180+1"]
[Date "2023.08.22"]
[WhiteClock "0:00:43"]
[BlackClock "0:00:19"]
[Board "96"]

1. e4 e6 2. d4 d5 3. Bd3 Nf6 4. e5 Nfd7 5. f4 c5 6. c3 Nc6 7. Nf3 f6 8. O-O Qb6 9. Kh1 Be7 10. a3 c4 11. Bc2 Nf8 12. Ra2 a5 13. Be3 Bd7 14. Nbd2 Nd8 15. exf6 Bxf6 16. Ne5 g6 17. Ndf3 Nc6 18. Bg1 Ne7 19. Re1 O-O-O 20. Nf7 Rg8 21. Nxd8 Qxd8 22. Ne5 Be8 23. Ba4 Nf5 24. b3 b5 25. bxc4 bxa4 26. c5 Bxe5 27. dxe5 Qh4 28. Qd3 Qxe1 29. Qa6+ Kd8 30. Rb2 Nd7 31. c6 Qxc3 32. cxd7 Bxd7 33. Rb8+ Bc8 34. Qxe6 Rg7 35. Bb6+ Rc7 36. Rxc8# 1-0


[Site "https://www.chess.com"]

[Event "Titled Tuesday Blitz August 22 Late 2023"]
[White "Melikhov, Evgeny V."]
[Black "Florianovitz, Derlei Alex"]
[WhiteFideId "4122046"]
[BlackFideId "2114178"]
[WhiteElo "2387"]
[BlackElo "2229"]
[Result "1-0"]
[Round "11"]
[TimeControl "180+1"]
[Date "2023.08.22"]
[WhiteClock "0:00:19"]
[BlackClock "0:00:00"]
[Board "97"]

1. d4 Nf6 2. c4 e6 3. Nc3 Bb4 4. Qc2 c5 5. dxc5 Bxc3+ 6. Qxc3 O-O 7. Nf3 Ne4 8. Qc2 Nxc5 9. b3 Nc6 10. Bb2 b6 11. e3 h6 12. O-O-O a5 13. h4 a4 14. Qc3 f6 15. b4 Ne4 16. Qc2 a3 17. Qxe4 axb2+ 18. Kxb2 Bb7 19. a3 Qe7 20. Qd3 Rfc8 21. Qd6 Qf7 22. Qxd7 Qf8 23. Qxb7 Nxb4 24. Rd7 Nc6 25. c5 Ne5 26. Nxe5 fxe5 27. Be2 bxc5 28. Kc2 c4 29. Rh3 Kh8 30. Rg3 Rxa3 31. Rgxg7 Ra2+ 32. Kd1 Ra1+ 33. Kc2 Ra2+ 34. Kb1 Ra1+ 35. Kxa1 Qa3+ 36. Kb1 1-0


[Site "https://www.chess.com"]

[Event "Titled Tuesday Blitz August 22 Late 2023"]
[White "Kula, Robert"]
[Black "Haitin, Ilja"]
[WhiteFideId "1101218"]
[BlackFideId "4501764"]
[WhiteElo "2166"]
[BlackElo "2367"]
[Result "1-0"]
[Round "11"]
[TimeControl "180+1"]
[Date "2023.08.22"]
[WhiteClock "0:00:09"]
[BlackClock "0:00:04"]
[Board "98"]

1. e4 e6 2. d4 d5 3. Nc3 Be7 4. Nf3 Nf6 5. e5 Nfd7 6. Ne2 c5 7. c3 Nc6 8. a3 O-O 9. Be3 f6 10. exf6 Nxf6 11. dxc5 e5 12. b4 e4 13. Nfd4 Ng4 14. Qd2 Nxe3 15. fxe3 Bg5 16. O-O-O Ne5 17. Nf4 Bg4 18. Re1 a5 19. Nc2 axb4 20. cxb4 Bxf4 21. exf4 Nc4 22. Bxc4 dxc4 23. h3 Bd7 24. Rxe4 c3 25. Qxc3 Bf5 26. Rd4 Qh4 27. g3 Qh6 28. Ne3 Bc8 29. Kb2 Kh8 30. Rd6 Qh5 31. g4 Qh4 32. f5 Qf2+ 33. Nc2 b6 34. cxb6 Ba6 35. Rhd1 Rac8 36. Qb3 Bc4 37. Qc3 Bg8 38. Rc6 Rb8 39. Rc7 Rf7 40. Rxf7 Bxf7 41. b7 Bg8 42. Qc8 Qf4 43. Rd8 Rxc8 44. bxc8=Q Qe5+ 45. Kb1 Qe1+ 46. Nxe1 h5 47. Rxg8+ Kh7 48. Nf3 Kh6 49. Nh4 Kg5 50. Qe6 hxg4 51. Ng6 gxh3 52. Rxg7 Kg4 53. Rh7 Kg3 54. Rxh3+ Kg2 55. f6 Kg1 56. f7 Kg2 57. f8=Q Kg1 58. Qef7 Kg2 59. Q7g8 Kg1 60. Ne7# 1-0


[Site "https://www.chess.com"]

[Event "Titled Tuesday Blitz August 22 Late 2023"]
[White "Fiorito, Joaquin"]
[Black "Kohler, Aran"]
[WhiteFideId "180173"]
[BlackFideId "1002856"]
[WhiteElo "2572"]
[BlackElo "2265"]
[Result "0-1"]
[Round "11"]
[TimeControl "180+1"]
[Date "2023.08.22"]
[WhiteClock "0:00:18"]
[BlackClock "0:00:42"]
[Board "99"]

1. d4 d5 2. c4 c6 3. Nc3 Nf6 4. Nf3 e6 5. Bg5 dxc4 6. e4 b5 7. e5 h6 8. Bh4 g5 9. Nxg5 Nd5 10. Nxd5 Qxd5 11. Nf3 Bb4+ 12. Nd2 Qe4+ 13. Be2 Qxh4 14. a3 Bxd2+ 15. Qxd2 Qg5 16. f4 Qxg2 17. O-O-O Rg8 18. Qe3 Qd5 19. Bf3 Qd7 20. Rhg1 Rf8 21. f5 Bb7 22. fxe6 Qxe6 23. Bg4 Qe7 24. Qxh6 Na6 25. Rge1 Nc7 26. e6 f6 27. Bh5+ Kd8 28. Bf7 Nd5 29. h4 b4 30. Qd2 c3 31. bxc3 bxc3 32. Qa2 Kc7 33. h5 Ba6 34. h6 Rab8 35. Qh2+ Kc8 36. Qa2 Rb2 37. Qa1 Qd6 38. Rf1 Qg3 39. Qxb2 cxb2+ 40. Kxb2 Bxf1 41. Rxf1 Qg2+ 42. Kb3 Qxf1 43. h7 Qh3+ 44. Kc4 Qc3# 0-1


[Site "https://www.chess.com"]

[Event "Titled Tuesday Blitz August 22 Late 2023"]
[White "Musovic, Armin"]
[Black "Merino Garcia, Rafael II"]
[WhiteFideId "939935"]
[BlackFideId "2209128"]
[WhiteElo "2508"]
[BlackElo "2346"]
[Result "1/2-1/2"]
[Round "11"]
[TimeControl "180+1"]
[Date "2023.08.22"]
[WhiteClock "0:00:10"]
[BlackClock "0:00:05"]
[Board "100"]

1. e4 d6 2. d4 Nd7 3. Bc4 g6 4. Nf3 e6 5. h4 h6 6. Be3 Bg7 7. Nc3 Ne7 8. Qd2 a6 9. O-O-O b5 10. Bb3 Nb6 11. Kb1 Bb7 12. Rhe1 b4 13. Na4 Bxe4 14. Nxb6 cxb6 15. Qxb4 Bd5 16. c4 Bxf3 17. gxf3 h5 18. Bg5 O-O 19. Rd2 Rb8 20. Red1 Qc7 21. Qc3 Nc6 22. Qe3 Na5 23. Rg1 Nxc4 24. Bxc4 Qxc4 25. Bh6 Rbc8 26. Bxg7 Kxg7 27. a3 b5 28. Qg5 Kh7 29. Qf6 b4 30. axb4 Qxb4 31. Qf4 a5 32. Rg5 a4 33. Qe3 Rb8 34. f4 a3 35. f5 exf5 36. f3 axb2 37. Rdg2 Qb3 38. Rxh5+ gxh5 39. Rg7+ Kxg7 40. Qg5+ Kh7 41. Qxh5+ Kg7 42. Qg5+ Kh7 43. Qxf5+ Kh6 44. Qg5+ Kh7 45. Qh5+ Kg7 46. Qg5+ Kh7 47. Qh5+ Kg7 48. Qg5+ Kh7 1/2-1/2


[Site "https://www.chess.com"]

[Event "Titled Tuesday Blitz August 22 Late 2023"]
[White "Reprintsev, Alexander"]
[Black "Saucey, Michel"]
[WhiteFideId "14100541"]
[BlackFideId "601845"]
[WhiteElo "2465"]
[BlackElo "2267"]
[Result "1-0"]
[Round "11"]
[TimeControl "180+1"]
[Date "2023.08.22"]
[WhiteClock "0:00:04"]
[BlackClock "0:00:00"]
[Board "101"]

1. e4 c5 2. b3 Nc6 3. Bb2 e5 4. f4 d6 5. Bb5 f6 6. Qf3 Ne7 7. Ne2 a6 8. Bxc6+ Nxc6 9. Nbc3 Be6 10. O-O-O Qa5 11. Kb1 Nd4 12. Nxd4 cxd4 13. Nd5 Bxd5 14. exd5 O-O-O 15. c4 dxc3 16. dxc3 Kb8 17. c4 Be7 18. g4 Ka8 19. g5 Rc8 20. h4 b5 21. cxb5 axb5 22. h5 Rc5 23. h6 gxh6 24. gxf6 Bxf6 25. fxe5 Bxe5 26. Bxe5 dxe5 27. d6+ Ka7 28. Qf7+ Ka6 29. d7 Qc3 30. Rxh6+ Ka5 31. Qf2 Rd8 32. Rxh7 e4 33. Re7 b4 34. Qd2 e3 35. Qxc3 bxc3 36. Kc2 e2 37. Rxe2 Rc7 38. Re7 Kb4 39. Rd4+ Kb5 40. Re5+ Kb6 41. Red5 1-0


[Site "https://www.chess.com"]

[Event "Titled Tuesday Blitz August 22 Late 2023"]
[White "KSho99"]
[Black "JerMorGurgeh"]
[WhiteElo "2234"]
[BlackElo "2387"]
[Result "1-0"]
[Round "11"]
[TimeControl "180+1"]
[Date "2023.08.22"]
[WhiteClock "0:00:18"]
[BlackClock "0:00:15"]
[Board "102"]

1. Nf3 Nf6 2. g3 d5 3. Bg2 c6 4. O-O Bg4 5. h3 Bh5 6. c4 e6 7. d3 dxc4 8. dxc4 Qxd1 9. Rxd1 a5 10. Nc3 Na6 11. Ne5 Bb4 12. Nxc6 Bxc3 13. bxc3 Bxe2 14. Rd2 Bxc4 15. Ba3 Bd5 16. Nxa5 Nc7 17. Bb4 b6 18. Nb7 Bxg2 19. Nd6+ Kf8 20. Nf5+ Ke8 21. Nxg7# 1-0


[Site "https://www.chess.com"]

[Event "Titled Tuesday Blitz August 22 Late 2023"]
[White "Battlecruiser_Operational"]
[Black "Castillo Pena, Patricia Evarista"]
[BlackFideId "6412106"]
[WhiteElo "2354"]
[BlackElo "1968"]
[Result "1-0"]
[Round "11"]
[TimeControl "180+1"]
[Date "2023.08.22"]
[WhiteClock "0:00:36"]
[BlackClock "0:00:00"]
[Board "103"]

1. d4 d5 2. c4 c6 3. Nf3 Nf6 4. e3 e6 5. Nbd2 Nbd7 6. Bd3 dxc4 7. Nxc4 b5 8. Nce5 Bb7 9. O-O a6 10. Bd2 c5 11. Rc1 Rc8 12. a4 cxd4 13. exd4 Nxe5 14. Rxc8 Nxf3+ 15. Qxf3 Qxc8 16. Qe2 Be7 17. axb5 axb5 18. Bxb5+ Kf8 19. b4 Qa8 20. f3 h5 21. Rc1 Bd6 22. Bd3 h4 23. h3 Qa7 24. Bc3 Nd5 25. Qf2 Bg3 26. Qb2 Rh6 27. Bd2 Rh8 28. Rc5 Bd6 29. Ra5 Qb6 30. Rb5 Qc7 31. Qa3 g6 32. Qa7 Qc8 33. Rxb7 Bg3 34. Rxf7+ 1-0


[Site "https://www.chess.com"]

[Event "Titled Tuesday Blitz August 22 Late 2023"]
[White "matenitian"]
[Black "Akhayan, Ruben"]
[BlackFideId "204439"]
[WhiteElo "2488"]
[BlackElo "2259"]
[Result "0-1"]
[Round "11"]
[TimeControl "180+1"]
[Date "2023.08.22"]
[WhiteClock "0:00:00"]
[BlackClock "0:00:06"]
[Board "104"]

1. e4 e5 2. Nf3 Nc6 3. Bb5 a6 4. Ba4 Nf6 5. O-O Be7 6. Re1 b5 7. Bb3 O-O 8. a4 Bb7 9. c3 d5 10. exd5 Nxd5 11. Nxe5 Nxe5 12. Rxe5 Nf4 13. d4 Nxg2 14. d5 Nh4 15. Qg4 Ng6 16. Rh5 Qc8 17. Qe2 Bd6 18. Be3 Re8 19. Qf3 Ne5 20. Qg2 Qg4 21. Rg5 Qxg2+ 22. Kxg2 c6 23. dxc6 Bxc6+ 24. Kf1 Nf3 25. Rf5 Re7 26. h3 Ne5 27. Nd2 bxa4 28. Bxa4 Bd5 29. Bd4 g6 30. Rg5 h6 31. Rg1 Rb8 32. b4 Nc4 33. Rd1 Nb2 34. Ra1 Bf4 35. Bc5 Re6 36. Be3 Bxe3 37. fxe3 Rxe3 38. Bc2 Rxc3 39. Bd1 Rd3 40. Ke2 Rd4 41. Ba4 Nc4 42. Nxc4 Bxc4+ 43. Ke3 Rd3+ 44. Ke4 Rbd8 45. Rge1 R3d4+ 46. Ke3 Kg7 47. Kf2 Be6 48. Kg1 Rd2 49. Bc6 Bxh3 50. Rxa6 Be6 51. Ra7 Kf6 52. b5 Rb2 53. Rf1+ Kg5 54. Re1 Rdd2 55. Ra5 Kf6 56. Ra7 g5 57. Rf1+ Kg6 58. Ra6 Kg7 59. Ra7 Kg6 60. Re1 Kh5 61. Bf3+ Kh4 62. Ra4+ Kg3 63. Bc6 Re2 64. Rxe2 Rxe2 65. Ra1 Rb2 66. Rc1 f5 67. Rc3+ Kg4 68. Bf3+ Kf4 69. Bc6 g4 70. Re3 Kxe3 0-1


[Site "https://www.chess.com"]

[Event "Titled Tuesday Blitz August 22 Late 2023"]
[White "Ai, Evan"]
[Black "ArchibaldCerveza29"]
[WhiteFideId "2094770"]
[WhiteElo "2257"]
[BlackElo "2427"]
[Result "1-0"]
[Round "11"]
[TimeControl "180+1"]
[Date "2023.08.22"]
[WhiteClock "0:01:10"]
[BlackClock "0:01:17"]
[Board "105"]

1. e4 c5 2. Nf3 d6 3. d4 cxd4 4. Nxd4 Nf6 5. Nc3 Nc6 6. Bg5 e6 7. f4 h6 8. Bh4 Be7 9. Bf2 a6 10. Be2 Bd7 11. O-O O-O 12. Bf3 Rc8 13. a4 Na5 14. e5 dxe5 15. fxe5 Ne8 16. Qe2 Qc7 17. Kh1 Nc6 18. Nxc6 Bxc6 19. Bxc6 Qxc6 20. Qg4 Kh8 21. Be3 Nc7 22. Qh5 Kh7 23. Rxf7 Qe8 24. Qxh6+ Kg8 25. Rxg7# 1-0


[Site "https://www.chess.com"]

[Event "Titled Tuesday Blitz August 22 Late 2023"]
[White "Fernandez Bustamante, Leancy B."]
[Black "Ochkoos, Jura"]
[WhiteFideId "3523870"]
[BlackFideId "2601214"]
[WhiteElo "2252"]
[BlackElo "2372"]
[Result "1/2-1/2"]
[Round "11"]
[TimeControl "180+1"]
[Date "2023.08.22"]
[WhiteClock "0:00:11"]
[BlackClock "0:00:10"]
[Board "106"]

1. e4 e5 2. Nf3 d6 3. Nc3 Nf6 4. d4 exd4 5. Nxd4 Be7 6. Bc4 O-O 7. Bb3 c6 8. a4 a5 9. O-O Na6 10. Bg5 Nc5 11. Bxf6 Bxf6 12. f3 Nxb3 13. Nxb3 Be6 14. Nd4 Qb6 15. Ne2 d5 16. Kh1 Rfe8 17. c3 dxe4 18. fxe4 Bc4 19. Rxf6 gxf6 20. Ng3 Re5 21. Qf3 Qxb2 22. Rd1 Rg5 23. Qxf6 Rg6 24. Qe7 Qxc3 25. Ndf5 Be6 26. Qxb7 Re8 27. Qe7 Rf8 28. h3 Qb4 29. Qh4 Qxa4 30. Ne7+ Kg7 31. Ngf5+ Bxf5 32. Nxf5+ Kh8 33. Rd8 Qa1+ 34. Kh2 Qa3 35. Rd7 Qc5 36. Qf4 Re8 37. Ng3 Qe5 38. Qxe5+ Rxe5 39. Rxf7 c5 40. Ra7 Rc6 41. Nf5 Rxf5 42. exf5 c4 43. Rxa5 c3 44. Ra1 c2 45. Rc1 Rc3 46. g3 Kg7 47. g4 Kf6 48. Kg2 Kg5 49. Kf2 Rxh3 50. Kg2 Rc3 51. Kf2 Kxg4 52. f6 Rf3+ 53. Kg2 Rxf6 54. Rxc2 h5 55. Rc4+ Kg5 56. Rc5+ Kg4 57. Rc3 Rf4 58. Ra3 h4 59. Ra8 Rb4 60. Rg8+ Kf4 61. Rf8+ Kg4 62. Rg8+ Kf4 63. Rf8+ Kg4 64. Rg8+ 1/2-1/2


[Site "https://www.chess.com"]

[Event "Titled Tuesday Blitz August 22 Late 2023"]
[White "Cooper, Aaron"]
[Black "KorolDimitriy75"]
[WhiteFideId "2634945"]
[WhiteElo "2253"]
[BlackElo "2331"]
[Result "0-1"]
[Round "11"]
[TimeControl "180+1"]
[Date "2023.08.22"]
[WhiteClock "0:00:04"]
[BlackClock "0:00:08"]
[Board "107"]

1. e4 c5 2. Nf3 d6 3. d4 cxd4 4. Nxd4 Nf6 5. Nc3 g6 6. Be2 Bg7 7. Be3 O-O 8. O-O Nc6 9. h3 Bd7 10. Qd2 a6 11. f4 b5 12. Bf3 Rc8 13. Rad1 Qc7 14. Nb3 b4 15. Nd5 Nxd5 16. exd5 Na5 17. Nxa5 Qxa5 18. a3 Bxb2 19. axb4 Qa3 20. Be2 Bc3 21. Qc1 Bb2 22. Qd2 Bc3 23. Qc1 Bxb4 24. Qxa3 Bxa3 25. Bxa6 Rxc2 26. Bd3 Rc3 27. Rf3 Rb8 28. f5 Rbb3 29. Bd4 Bc5 30. Bxc5 Rxc5 31. fxg6 hxg6 32. Rdf1 Rcc3 33. Be2 Rxf3 34. Bxf3 Kf8 35. Rc1 Bf5 36. Rc7 Re3 37. Ra7 Re5 38. Ra8+ Kg7 39. Ra7 Kf6 40. Kf2 Be4 41. Ra5 Bxf3 42. Kxf3 g5 43. g3 Re1 44. h4 gxh4 45. gxh4 Rh1 46. Kg3 Rd1 47. Kg4 e6 48. dxe6 fxe6 49. h5 d5 50. Ra2 Rh1 51. Rf2+ Ke5 52. Re2+ Kd6 53. Kg5 e5 54. h6 d4 55. Kg6 Kd5 56. h7 d3 57. Rd2 e4 58. Kg7 Kd4 59. h8=Q Rxh8 60. Kxh8 e3 61. Ra2 e2 62. Ra1 d2 0-1


[Site "https://www.chess.com"]

[Event "Titled Tuesday Blitz August 22 Late 2023"]
[White "Bazzano, Sebastian"]
[Black "Bullen, Alex"]
[WhiteFideId "104566"]
[BlackFideId "1801627"]
[WhiteElo "2228"]
[BlackElo "2323"]
[Result "1-0"]
[Round "11"]
[TimeControl "180+1"]
[Date "2023.08.22"]
[WhiteClock "0:00:45"]
[BlackClock "0:00:55"]
[Board "108"]

1. d4 d5 2. Bf4 Nf6 3. e3 c5 4. c3 Nc6 5. Nd2 cxd4 6. exd4 Bf5 7. Qb3 Qd7 8. Ngf3 e6 9. Bb5 Bd6 10. Ne5 Bxe5 11. Bxe5 O-O 12. O-O a6 13. Bxc6 Qxc6 14. Bxf6 gxf6 15. Qd1 Kh8 16. Qf3 Rg8 17. Rfe1 Rg7 18. Nf1 Be4 19. Qxf6 Bxg2 20. Ng3 Bh3 21. Kh1 Bg4 22. f3 Bf5 23. Nh5 Rg8 24. Rg1 Bg6 25. Nxg7 Rxg7 26. h4 h5 27. Rg5 Kh7 28. Rag1 Qe8 29. Rxh5+ Kg8 30. Rhg5 e5 31. h5 Qd7 32. R1g3 Rh7 33. Kg2 Qb5 34. Rxg6+ fxg6 35. Rxg6+ Rg7 36. Qxg7# 1-0


[Site "https://www.chess.com"]

[Event "Titled Tuesday Blitz August 22 Late 2023"]
[White "Vaglio Munoz, Jaime"]
[Black "OptimusPrimeBR"]
[WhiteFideId "6500145"]
[WhiteElo "2281"]
[BlackElo "2053"]
[Result "1-0"]
[Round "11"]
[TimeControl "180+1"]
[Date "2023.08.22"]
[WhiteClock "0:01:25"]
[BlackClock "0:02:01"]
[Board "110"]

1. e4 c5 2. a3 Nc6 3. b4 cxb4 4. axb4 d6 5. b5 Ne5 6. d4 Ng6 7. h4 h5 8. Be2 Nf6 9. Nd2 Bg4 10. f3 Bd7 11. c4 a6 12. bxa6 bxa6 13. Bb2 e5 14. g3 Qb6 15. Rb1 Qc7 16. Nh3 exd4 17. Bxd4 Bxh3 18. Rxh3 Be7 19. Kf2 Ne5 20. Rh1 O-O 21. Qa4 a5 22. Rhc1 Rfb8 23. Nf1 Nfd7 24. Ne3 g6 25. Nd5 Qd8 26. f4 Ng4+ 27. Bxg4 hxg4 28. h5 g5 29. Qd1 gxf4 30. Qxg4+ Bg5 31. gxf4 f6 32. fxg5 fxg5 33. Qe6+ Kf8 34. Qh6+ Ke8 35. Qh8+ Kf7 36. Qg7+ Ke6 37. Qg6+ Nf6 38. Bxf6 Qf8 39. Kg3 Rxb1 40. Rxb1 Re8 41. Bg7+ Kd7 42. Bxf8 Rxf8 43. Qg7+ Ke8 44. Qe7# 1-0


[Site "https://www.chess.com"]

[Event "Titled Tuesday Blitz August 22 Late 2023"]
[White "Alfaro, William"]
[Black "Navyblue1"]
[WhiteFideId "6100457"]
[WhiteElo "2268"]
[BlackElo "2049"]
[Result "1-0"]
[Round "11"]
[TimeControl "180+1"]
[Date "2023.08.22"]
[WhiteClock "0:00:23"]
[BlackClock "0:00:14"]
[Board "111"]

1. e4 c5 2. g3 d6 3. Bg2 Nf6 4. Ne2 g6 5. O-O Bg7 6. c3 O-O 7. d4 cxd4 8. cxd4 Nc6 9. Nbc3 Bd7 10. h3 Rc8 11. Be3 Qa5 12. Nc1 a6 13. Nb3 Qc7 14. Qd3 Na5 15. Nxa5 Qxa5 16. Rac1 Qb4 17. e5 Bf5 18. Qd2 dxe5 19. dxe5 Nd7 20. Nd5 Qxd2 21. Nxe7+ Kh8 22. Bxd2 Rxc1 23. Rxc1 Bxe5 24. Bxb7 Bxb2 25. Bc3+ Bxc3 26. Rxc3 Re8 27. Rc8 Rxc8 28. Bxc8 Nc5 29. Nxf5 gxf5 30. Bxf5 Kg7 31. Kg2 h6 32. h4 Kf6 33. g4 Ke5 34. Kf3 f6 35. Ke3 Na4 36. f4+ Kd6 37. Bd3 Nc5 38. Bc4 a5 39. Kd4 Nd7 40. Ke4 Ke7 41. Kf5 Nf8 42. Bg8 Nd7 43. Kg6 Kf8 44. Be6 Ke7 45. Bxd7 Kxd7 46. Kxf6 1-0


[Site "https://www.chess.com"]

[Event "Titled Tuesday Blitz August 22 Late 2023"]
[White "Adan Bermudez, Sergio"]
[Black "Shapiro, Daniel"]
[WhiteFideId "2292726"]
[BlackFideId "2001780"]
[WhiteElo "2013"]
[BlackElo "2270"]
[Result "0-1"]
[Round "11"]
[TimeControl "180+1"]
[Date "2023.08.22"]
[WhiteClock "0:00:00"]
[BlackClock "0:00:42"]
[Board "112"]

1. d4 Nf6 2. Nc3 d5 3. Bf4 a6 4. e3 e6 5. Nf3 Bd6 6. Ne5 c5 7. dxc5 Bxc5 8. Bd3 Nc6 9. Qe2 Bd6 10. Nxc6 bxc6 11. Bxd6 Qxd6 12. O-O-O Rb8 13. a3 c5 14. e4 Qf4+ 15. Qe3 Qxe3+ 16. fxe3 c4 17. Be2 Bb7 18. Rhf1 O-O 19. g4 Rfc8 20. Rd4 e5 21. Rdd1 Rd8 22. g5 d4 23. gxf6 dxc3 24. Rxd8+ Rxd8 25. Bxc4 Bxe4 26. fxg7 cxb2+ 27. Kxb2 Bg6 28. Kc3 Rc8 29. Rb1 Bxc2 30. Rb7 Bg6 31. Kb3 Kxg7 32. Bxa6 Rd8 0-1


[Site "https://www.chess.com"]

[Event "Titled Tuesday Blitz August 22 Late 2023"]
[White "laskakid"]
[Black "Magallanes, Rey Jomar"]
[BlackFideId "5205948"]
[WhiteElo "2130"]
[BlackElo "2243"]
[Result "1-0"]
[Round "11"]
[TimeControl "180+1"]
[Date "2023.08.22"]
[WhiteClock "0:00:51"]
[BlackClock "0:01:46"]
[Board "113"]

1. e4 c5 2. c3 d5 3. exd5 Qxd5 4. d4 e6 5. Nf3 Nf6 6. Na3 cxd4 7. Nb5 Na6 8. Nbxd4 Be7 9. Be2 O-O 10. Bf4 Nc5 11. O-O a6 12. Re1 Nh5 13. Be3 e5 14. Nxe5 Qxe5 15. Bxh5 Qf6 16. Bf3 Ne6 17. Nxe6 Bxe6 18. Qc2 Rab8 19. Ba7 Ra8 20. Bd4 Qg5 21. Bxb7 h6 22. Bxa8 Rxa8 23. Qe4 Bd5 24. f4 Qh5 25. Qxe7 Qg4 26. Qe2 Qg6 27. c4 Bc6 28. b4 Kh7 29. b5 Re8 30. Qf2 axb5 31. Rxe8 Bxe8 32. cxb5 Bxb5 33. Qg3 Be8 34. Qxg6+ Kxg6 35. a4 Kh7 36. a5 Kg6 37. a6 Kh7 38. a7 Kg6 39. a8=Q Kh7 40. Qxe8 Kg6 41. Qe5 Kh7 42. Qxg7# 1-0


[Site "https://www.chess.com"]